 Dungeon Crawl Stone Soup version 0.30.0-5-g1a98f26d00 (webtiles) character file.

Game seed: 299802311970344333

57 jasper the Shooter (level 3, -5/18 HPs)
             Began as a Spriggan Hunter on May 11, 2023.
             Killed from afar by Ijyb (14 damage)
             ... with an iceblast
             ... on level 2 of the Dungeon.
             The game lasted 00:02:14 (1458 turns).

jasper the Shooter (Spriggan Hunter)                Turns: 1458, Time: 00:02:15

Health: -5/18      AC:  2    Str:  9    XL:     3   Next: 73%
Magic:  4/4        EV: 17    Int: 10    God:
Gold:   81         SH:  0    Dex: 18    Spells: 2/2 levels left

rFire   + . .        a - +0 shortbow
rCold   . . .        (shield currently unavailable)
rNeg    . . .        c - +0 robe
rPois   .            (helmet restricted)
rElec   .            (no cloak)
rCorr   .            (gloves unavailable)
SInv    +            (boots unavailable)
Will    .....        (no amulet)
Stlth   ++           h - ring of protection from fire
HPRegen 0.23/turn    (no ring)
MPRegen 0.09/turn

%: no passive effects
@: very quick
A: very small, no large weapons, unfitting armour, see invisible, speed 3
a: no special abilities


You were on level 2 of the Dungeon.
You visited 1 branch of the dungeon, and saw 2 of its levels.

You collected 81 gold pieces.

Inventory:

Hand Weapons
 a - a +0 shortbow (weapon)
 g - a +2 short sword of holy wrath
Armour
 c - a +0 robe (worn)
Jewellery
 h - a ring of protection from fire (left hand)
Wands
 n - a wand of iceblast (8)
Scrolls
 b - a scroll of immolation
 d - 4 scrolls of enchant weapon {unknown}
 e - 3 scrolls of teleportation {unknown}
 f - a scroll of amnesia {unknown}
 i - 5 scrolls of identify {unknown}
 l - a scroll of vulnerability {unknown}
 m - a scroll of fog {unknown}
 p - a scroll of fear {unknown}
Potions
 j - a potion of degeneration {unknown}
 k - a potion of might {unknown}
 o - 2 potions of curing {unknown}
 q - a potion of cancellation {unknown}


   Skills:
 - Level 1.5 Fighting
 + Level 5.4 Ranged Weapons
 - Level 2.6 Dodging
 - Level 1.5 Stealth


You had 2 spell levels left.
You didn't know any spells.
Your spell library contained the following spells:

 Spells                   Type           Power      Damage    Failure   Level
 Tukima's Dance           Hex            0%         N/A       75%         3
 Passage of Golubria      Tloc           0%         N/A       98%         4
 Yara's Violent Unravell  Hex/Tmut       0%         3d3       100%        5
 Simulacrum               Ice/Necr       0%         N/A       100%        6
 Ozocubu's Refrigeration  Ice            0%         4d7       100%        7
 Polar Vortex             Ice            0%         N/A       100%        9


Dungeon Overview and Level Annotations

Branches:
Dungeon (2/15)

Altars:

Annotations:
D:2 Ijyb


Innate Abilities, Weirdness & Mutations

You are very small and have problems with some larger weapons.
You are too small for most types of armour.
You have supernaturally acute eyesight. (SInv)
You cover ground extremely quickly. (Speed+++)


Message History

q - a murky silvery potion A rat comes into view.
You shoot an arrow. The arrow hits the rat!
You kill the rat!
A worm comes into view.
A worm is nearby!
You shoot an arrow. The arrow hits the worm!
The worm is heavily wounded.
You shoot an arrow. The arrow hits the worm!
The worm is almost dead.
You shoot an arrow. The arrow barely misses the worm.
You shoot an arrow.
The arrow hits the worm but does no damage.
The worm is severely wounded.
You shoot an arrow. The arrow barely misses the worm.
You shoot an arrow. The arrow hits the worm.
The worm is severely wounded.
You shoot an arrow. The arrow hits the worm.
You kill the worm!
No target in view!
i - 5 scrolls labelled TEASYI JAXEDD (gained 1)
You open the door.
There is an open door here.
You shoot an arrow.
Ijyb shouts!
The arrow hits Ijyb!
Ijyb is moderately wounded.
Ijyb zaps a wand.
The mass of ice explodes!
The iceblast engulfs you!
Ouch! That really hurt!
* * * LOW HITPOINT WARNING * * *
You take 13 damage, and have 5/18 hp.
MASSIVE DAMAGE!!
There is an open door here.
You close the door.
You open the door.
Ijyb screams, "Get away!"
There is an open door here.
You can't go down here!
Ijyb zaps a wand.
The mass of ice explodes!
The iceblast engulfs you!
Ouch! That really hurt!
You die...

#.##.## #.......#.## ##.##
###.#...###8.....8#..####...##
..)...)))............g.......#
###.#...###..........####...##
###.##.## ###.......## ##.##
#.......# ##.....######...###
#.#.###.# ##...###....###..#
#.#.# #.# ##'## #.#.## ##.#
#....##.# #@# #.#.# #.#
#.....#.# #.# #.#.## ##.#
#.....#.# ##.## #†...###..#
#.......# ##...#######...###
#.......# ####.....######.###
#.###..####...#...........#
#............##########
##.####...#### #.# #####


You could see Ijyb.

Vanquished Creatures
  An adder (D:2)
  A worm (D:2)
  A dart slug (D:1)
  4 endoplasms
  5 quokkas
  3 ball pythons (D:1)
  5 bats
  2 frilled lizards (D:1)
  10 goblins
  4 kobolds
  5 rats
41 creatures vanquished.

Notes
Turn   | Place    | Note
-------+----------+-------------------------------------------
     0 | D:1      | jasper the Spriggan Hunter began the quest for the Orb.
     0 | D:1      | Reached XP level 1. HP: 10/10 MP: 2/2
   175 | D:1      | Reached XP level 2. HP: 10/14 MP: 3/3
   780 | D:2      | Reached skill level 5 in Ranged Weapons
   807 | D:2      | Reached XP level 3. HP: 18/18 MP: 4/4
  1281 | D:2      | Noticed Ijyb
  1458 | D:2      | Killed from afar by Ijyb

Illustrated notes

Levels and vault maps discovered:
D:1:      reono_arrival_forest_river, layout_rooms, serial_corexii_hall,
          chequers_hall_statues_y, chequers_hall_statues_wall_a
D:2:      kennysheep_the_goblin_king, layout_loops_corners

Skill      XL: |  1  2 |
---------------+-------+-----
Ranged Weapons | 5 |  5.4
Fighting       | |  1.5
Dodging        | |  2.6
Stealth        | |  1.5

Action                     || total
---------------------------++-------
   Fire: Shortbow          ||    91
 Armour: Robe              ||     5
  Dodge: Dodged            ||    18
